Unix NetHack Version 5.0.0-0 post-release - last build Jun 10 2026 00:39:30 (3ee93aec679c4c4259841fe613dc97188e26a321,branch:main).

Game began 2026-06-15 00:45:40, ended 2026-06-15 00:50:57.

ARFwashere, neutral male human Archeologist

    #
   -.---
   |...|
   |...|
   |....#####                                               ---------------
   |...|    #####                                           |.%)+*%a+.+((*|
   --|--        #  ------------              -----------    |..!b)@m??%=*"|
   ###          #  |.........{|              |.........|    |.%?[o!%%%%%=/|
   #            #  |..........-##############+>........| ###+.()!%[!/%?/%%|
   #            ###.......`...|         ##   |..........### |.%/*)(!!!%)*!|
   #               |..........|          ####..........|### ---------------
   #               ------------              |.........|
   #                                         -----------
   #
  ##
 -|----
 |<)...
 |....|
 |....|
 ------

ARFwashere the Field Worker  St:13 Dx:8 Co:14 In:14 Wi:13 Ch:13  Neutral
Dlvl:2  $:0  HP:0(22) Pw:16(16) AC:8  Xp:3 T:653  Satiated

Latest messages:
 That strange object is a giant mimic!
 You lash the giant mimic.
 You cannot escape from the giant mimic!
 What do you want to zap? [lr or ?*] l
 In what direction? j
 The giant mimic turns into an orc-captain!
 Kopasker gets angry!
 You see here a food ration (for sale, 60 zorkmids).
 You see here a scroll labeled PHOL ENDE WODAN (for sale, 107 zorkmids).
 Kopasker zaps an iridium wand!
 The wand misses you.
 The wand hits the small mimic!
 What do you want to zap? [lr or ?*] ?
 In what direction? h
 Kopasker is furious!
 The rocks will cost you 7 zorkmids each.
 Kopasker turns into Kopasker the fire vortex!
 Kopasker is furious!
 You feel shuddering vibrations.
 You see here a light green spellbook (for sale, 134 zorkmids).
 The orc-captain hits!
 The orc-captain hits again!
 Kopasker the fire vortex engulfs you!
 You are burning to a crisp!
 You get expelled!
 You see here a light green spellbook (for sale, 134 zorkmids).
 What do you want to zap? [lr or ?*] r
 An acid blob suddenly appears next to you!
 Kopasker the fire vortex touches you!
 You're on fire!
 Kopasker the fire vortex touches you!
 You're on fire!
 What do you want to zap? [lr or ?*] ?
 In what direction? h
 Kopasker is furious!
 Kopasker is furious!
 Kopasker is furious!
 Kopasker the fire vortex engulfs you!
 What do you want to zap? [lr or ?*] l
 In what direction? h
 You emerge from Kopasker the fire vortex!
 You see here a light green spellbook (for sale, 134 zorkmids).
 Kopasker the fire ant bites!
 You die...
 Kopasker takes all your possessions.
 Do you want to see what you had when you died? [ynq] (y) n
 Do you want to see your attributes? [ynq] (y) n
 Do you want an account of creatures vanquished? [ynaq] (y) n
 Do you want to see your conduct and achievements? [ynq] (y) n
 Do you want to see the dungeon overview? [ynq] (y) n

Inventory:
 Weapons  (')')
  a - a +2 bullwhip (weapon in right hand)
 Armor    ('[')
  q - a blessed +0 orcish helm (being worn)
  b - an uncursed +0 leather jacket (being worn)
 Comestibles  ('%')
  j - a cursed slime mold
  d - 4 uncursed food rations
  t - an uncursed tin of boiled brown mold
 Scrolls  ('?')
  s - an uncursed scroll of destroy armor
  n - an uncursed scroll of magic mapping
 Potions  ('!')
  m - an uncursed potion of healing
 Rings    ('=')
  i - an uncursed ring of conflict
  o - an uncursed ring of levitation
 Wands    ('/')
  r - a wand of create monster (0:12)
  l - a wand of polymorph (0:3)
 Tools    ('(')
  h - an uncursed sack containing 1 item
  k - a cursed pair of lenses (being worn)
  f - a tinning kit (0:98)
 Gems/Stones  ('*')
  g - an uncursed touchstone

Contents of the sack:
  a +0 pick-axe

ARFwashere the Archeologist's attributes:

Background:
 You were a Field Worker, a level 3 male human Archeologist.
 You were neutral, on a mission for Camaxtli
 who was opposed by Quetzalcoatl (lawful) and Huhetotl (chaotic).
 You were right-handed.
 You were in the Dungeons of Doom, on level 2.
 You entered the dungeon 653 turns ago.
 It was the midnight hour.
 There was a new moon in effect when your adventure ended.
 You had 55 experience points, 25 more were needed to attain level 4.

Basics:
 You had 0 out of 22 hit points.
 You had all 16 energy points (spell power).
 Your armor class was 8.
 Your wallet was empty.
 Autopickup was on, but temporarily disabled while inside the shop.

Final Characteristics:
 Your strength was 13 (limit:18/100).
 Your dexterity was 8 (limit:18).
 Your constitution was 14 (limit:18).
 Your intelligence was 14 (limit:18).
 Your wisdom was 13 (limit:18).
 Your charisma was 13 (limit:18).

Final Status:
 You were satiated.
 You were unencumbered.
 You were wielding a whip.
 You had basic skill with whip.

Final Attributes:
 You were stridently aligned.
 You had automatic searching.
 You are dead.

Miscellaneous:
 You didn't encounter any bones levels.
 Total elapsed playing time was 5 minutes and 16 seconds.

Major events:
 Turn
    1: ARFwashere the neutral male human Archeologist entered the dungeon
  429: attained the rank of Field Worker (level 3)
  653: killed by Mr. Kopasker; the shopkeeper

You didn't know any spells.

Skills:
 Fighting Skills
   bare handed combat [Unskilled]
   two weapon combat  [Unskilled]
   riding             [Unskilled]
 Weapon Skills
   dagger             [Unskilled]
   knife              [Unskilled]
   pick-axe           [Basic]
   short sword        [Unskilled]
   saber              [Unskilled]
   club               [Unskilled]
   quarterstaff       [Unskilled]
   sling              [Unskilled]
   dart               [Unskilled]
   boomerang          [Unskilled]
   whip               [Basic]
   unicorn horn       [Unskilled]
 Spellcasting Skills
   attack spells      [Unskilled]
   healing spells     [Unskilled]
   divination spells  [Unskilled]
   matter spells      [Unskilled]

Voluntary challenges:
 Character rerolling was not enabled.
 You were an atheist.
 You never genocided any monsters.
 You never changed form.
 You used no wishes.
Achievements:
 You attained the rank of Field Worker.
 You entered a shop.

 The Dungeons of Doom: levels 1 to 3
    Level 1:
       Some fountains.
    Level 2: <- You were here.
       A general store, a fountain.
       Final resting place for
          you, killed by Mr. Kopasker; the shopkeeper.
    Level 3:


Vanquished creatures:
  a little dog
  a hobbit
  a gecko
  6 jackals
  a fox
  3 goblins
  2 bats
  a newt
16 creatures vanquished.

No species were genocided or became extinct.

Game over:
                       ----------
                      /          \
                     /    REST    \
                    /      IN      \
                   /     PEACE      \
                  /                  \
                  |    ARFwashere    |
                  |       0 Au       |
                  |  killed by Mr.   |
                  |  Kopasker; the   |
                  |    shopkeeper    |
                  |                  |
                  |       2026       |
                 *|     *  *  *      | *
        _________)/\\_//(\/(/\)/\//\/|_)_______

Goodbye ARFwashere the Archeologist...

You died in The Dungeons of Doom on dungeon level 2 with 330 points,
and 0 pieces of gold, after 653 moves.
You were level 3 with a maximum of 22 hit points when you died.

